 Dungeon Crawl Stone Soup version 0.28.0-53-g5a82cb258f (webtiles) character file.

Game seed: 11996014045535286689

8 jjjjhere the Vexing (level 2, -1/23 HPs)
             Began as a Ghoul Arcane Marksman on Sept 3, 2022.
             Slain by a quokka (2 damage)
             ... on level 2 of the Dungeon.
             The game lasted 00:00:39 (265 turns).

jjjjhere the Vexing (Ghoul Arcane Marksman)          Turns: 265, Time: 00:00:39

Health: -1/23      AC:  2    Str: 13    XL:     2   Next: 8%
Magic:  2/2        EV: 12    Int:  8    God:
Gold:   29         SH:  0    Dex:  9    Spells: 2/3 levels left

rFire   . . .      SeeInvis .     - Unarmed
rCold   + . .      Faith    .   (no shield)
rNeg    + + +      Spirit   .   a - +0 robe
rPois   ∞          Reflect  .   (no helmet)
rElec   .          Harm     .   (no cloak)
rCorr   .          Rampage  .   (no gloves)
Will    .....                   (no boots)
Stlth   +.........              (no amulet)
HPRegen 0.00/turn               (no ring)
MPRegen 0.08/turn               (no ring)

@: inhibited regen
A: claws 1, cold resistance 1, negative energy resistance 3, inhibited
regeneration, torment resistance 2
a: no special abilities


You were on level 2 of the Dungeon.
You visited 1 branch of the dungeon, and saw 2 of its levels.

You collected 29 gold pieces.

Inventory:

Missiles
 b - 5 javelins (quivered)
 c - 2 throwing nets
Armour
 a - a +0 robe (worn)
Scrolls
 d - a scroll of noise {unknown}


   Skills:
 + Level 1.5 Fighting
 - Level 1.7 Throwing
 - Level 1.7 Dodging
 * Level 1.4 Unarmed Combat
 - Level 1.0 Spellcasting
 - Level 2.4 Hexes


You had 2 spell levels left.
You knew the following spells:

 Your Spells              Type           Power      Damage    Failure   Level
a - Slow                  Hex            16%        N/A       16%         1

Your spell library contained the following spells:

 Spells                   Type           Power      Damage    Failure   Level
 Inner Flame              Hex/Fire       2%         N/A       58%         3
 Portal Projectile        Hex/Tloc       4%         N/A       58%         3
 Cause Fear               Hex            2%         N/A       83%         4


Dungeon Overview and Level Annotations

Branches:
Dungeon (2/15)

Altars:


Innate Abilities, Weirdness & Mutations

You thrive by killing the living.
You are immune to poison.
You have sharp fingernails.
Your flesh is cold resistant. (rC+)
You are immune to negative energy. (rN+++)
You do not regenerate when monsters are visible.
You are immune to unholy pain and torment.


Message History

The bat hits you but does no damage. The hobgoblin closely misses you.
You scratch the hobgoblin.
You kill the hobgoblin!
The bat hits you.
You have reached level 2!
You barely miss the bat. The bat closely misses you.
The bat closely misses you.
You see here a hobgoblin corpse.
A gnoll comes into view. It is wielding a +0 spear.
The bat misses you. The bat hits you. The bat hits you but does no damage.
The bat hits you but does no damage.
The gnoll hits you from afar with a +0 spear!
You miss the bat. The bat misses you. The bat barely misses you.
The gnoll closely misses you.
You scratch the bat.
You kill the bat!
The gnoll hits you from afar with a +0 spear!
* * * LOW HITPOINT WARNING * * *
The gnoll hits you from afar with a +0 spear.
* * * LOW HITPOINT WARNING * * *
There is a stone staircase leading down here.
The endoplasm quivers.
The gnoll barely misses you.
You climb downwards.
Found 17 sling bullets.
Found an escape hatch in the ceiling.
Found a stone staircase leading down.
There is a stone staircase leading up here.
Unknown command.
The bat closely misses you. The bat hits you but does no damage.
The bat hits you but does no damage. The bat barely misses you.
The bat hits you.
* * * LOW HITPOINT WARNING * * *
The bat hits you but does no damage. The bat barely misses you.
There is an escape hatch in the ceiling here.
The bat closely misses you. The quokka bites you.
You die...

#.... #....
.... ... #..
#.. #♣♣♣
#..##...
#..@#.♣ ##.r..♣
♣♣
#...####.#####.
#b..w..>....(..
#...#........#.
#..............
####...<.......
#..........#
##.........#


You could see a worm, a quokka and a bat.

Vanquished Creatures
  A giant cockroach (D:1)
  4 hobgoblins (D:1)
  A bat (D:1)
  A frilled lizard (D:1)
7 creatures vanquished.

Notes
Turn   | Place    | Note
-------+----------+-------------------------------------------
     0 | D:1      | jjjjhere the Ghoul Arcane Marksman began the quest for the
                  | Orb.
     0 | D:1      | Reached XP level 1. HP: 16/16 MP: 1/1
   116 | D:1      | Reached skill level 1 in Unarmed Combat
   228 | D:1      | Reached XP level 2. HP: 21/23 MP: 2/2
   235 | D:1      | HP: 6/23 [gnoll/+0 spear (7)]
   237 | D:1      | HP: 2/23 [gnoll/+0 spear (4)]
   262 | D:2      | HP: 1/23 [bat (1)]
   265 | D:2      | Slain by a quokka

Illustrated notes

Levels and vault maps discovered:
D:1:      scummos_arrival_simple_crosswalls, layout_loops_ring,
          ebering_ecumenical_altar_rust, minmay_hedge_maze, minmay_hexomino_c4
D:2:      layout_rooms, serial_forest, infiniplex_forest_end_1,
          infiniplex_forest_clump_large, infiniplex_forest_zigzag_1,
          infiniplex_forest_corner_1, infiniplex_forest_lined_2,
          infiniplex_forest_straight_2, infiniplex_forest_straight_2,
          serial_shops, nicolae_shop_bloodbath_and_beyond

Skill      XL: |  1 |
---------------+----+-----
Unarmed Combat | 1 |  1.4
Fighting       | |  1.5
Throwing       | |  1.7
Dodging        | |  1.7
Spellcasting   | |  1.0
Hexes          | |  2.4

Action                   || total
-------------------------++-------
Melee: Unarmed           ||    17
Throw: Javelin           ||     4
Armor: Robe              ||     7
Dodge: Dodged            ||    17
